 Dungeon Crawl Stone Soup version 0.27-a0-1378-gdefffd1ff6 (webtiles) character file.

Game seed: 11209204823660916464

53 sagitran the Fighter (level 3, 0/38 HPs)
             Began as a Gnoll Wanderer on June 29, 2021.
             Was an Initiate of Yredelemnul.
             Slain by a water moccasin (6 damage)
             ... on level 3 of the Dungeon.
             The game lasted 00:14:19 (1775 turns).

sagitran the Fighter (Gnoll Wanderer)               Turns: 1775, Time: 00:14:21

Health: 0/38       AC:  5    Str: 11    XL:     3   Next: 89%
Magic:  0/4        EV: 11    Int: 13    God:    Yredelemnul [......]
Gold:   80         SH:  0    Dex: 10    Spells: 2/4 levels left

rFire    . . .     SeeInvis .   d - +0 long sword
rCold    . . .     Faith    .   (no shield)
rNeg     + . .     Spirit   .   b - +0 robe
rPois    .         Reflect  .   (no helmet)
rElec    .         Harm     .   (no cloak)
rCorr    .         Rampage  .   a - +2 pair of gloves
Will     .....                  (no boots)
Stlth    +.........             (no amulet)
HPRegen  0.12/turn              f - ring of positive energy
MPRegen  0.09/turn              (no ring)

@: lethally poisoned (0 -> -9), very slightly contaminated
A: fangs 1, strong nose, distributed training
a: Renounce Religion


You were on level 3 of the Dungeon.
You worshipped Yredelemnul.
Yredelemnul was noncommittal.
You visited 1 branch of the dungeon, and saw 4 of its levels.

You collected 80 gold pieces.

Inventory:

Hand Weapons
 d - a +0 long sword (weapon)
Armour
 a - a +2 pair of gloves (worn)
 b - a +0 robe (worn)
Magical Staves
 g - a staff of death
Jewellery
 f - a ring of positive energy (left hand)
Scrolls
 e - a scroll of magic mapping
 h - a scroll of identify
Potions
 c - a potion of haste
 j - a potion of heal wounds
 k - a potion of curing


   Skills:
 + Level 8.5 Fighting
 + Level 1.0 Short Blades
 + Level 1.0 Long Blades
 + Level 1.0 Axes
 + Level 2.6 Maces & Flails
 + Level 1.0 Polearms
 + Level 1.0 Staves
 + Level 1.0 Slings
 + Level 1.0 Bows
 + Level 1.0 Crossbows
 + Level 1.0 Throwing
 + Level 2.6 Armour
 + Level 1.0 Dodging
 + Level 1.0 Stealth
 + Level 4.6 Shields
 + Level 4.6 Unarmed Combat
 + Level 1.0 Spellcasting
 + Level 0.7 Conjurations
 + Level 0.7 Hexes
 + Level 0.7 Summonings
 + Level 0.7 Necromancy
 + Level 0.7 Translocations
 + Level 0.7 Transmutations
 + Level 0.7 Fire Magic
 + Level 0.7 Ice Magic
 + Level 0.7 Air Magic
 + Level 0.7 Earth Magic
 + Level 0.7 Poison Magic
 + Level 1.0 Invocations
 + Level 1.0 Evocations


You had 2 spell levels left.
You knew the following spells:

 Your Spells              Type           Power      Damage    Failure   Level
a - Apportation           Tloc           4%         N/A       22%         1
b - Pain                  Necr           8%         1d4       22%         1

Your spell library contained the following spells:

 Spells                   Type           Power      Damage    Failure   Level
 Animate Skeleton         Necr           4%         N/A       22%         1
 Teleport Other           Tloc           2%         N/A       54%         3
 Vampiric Draining        Necr           1%         2d6       54%         3
 Animate Dead             Necr           1%         N/A       91%         4
 Agony                    Necr           2%         N/A       99%         5


Dungeon Overview and Level Annotations

Branches:
Dungeon (4/15)
 Temple: D:4-7

Altars:
Ashenzari
Yredelemnul

Annotations:
D:3 Natasha


Innate Abilities, Weirdness & Mutations

You have very sharp teeth.
Your uncanny sense of smell can sniff out nearby items.
Your experience applies equally to all skills.


Message History

The water moccasin bites you but does no damage.
The water moccasin bites you.
Casting: Pain (safe; 22% risk of failure)
Confirm with . or Enter, or press ? or * to list all spells.
Aiming: Pain (safe; 22% risk of failure)
Press: ? - help, Shift-Dir - straight line, f/p - water moccasin
Aim: a water moccasin (moderately wounded, chance to affect: 38%)
You miscast Pain.
Nothing appears to happen.
The water moccasin bites you.
You are poisoned.
The water moccasin poisons you!
You closely miss the water moccasin.
The water moccasin is moderately wounded.
You feel very sick. The water moccasin barely misses you.
The water moccasin bites you.
You hit the water moccasin.
The water moccasin is heavily wounded.
You feel sick.
The water moccasin bites you but does no damage.
The water moccasin closely misses you.
You miss the water moccasin. Your punch misses the water moccasin.
Your bite misses the water moccasin.
The water moccasin is heavily wounded.
You feel sick.
The water moccasin bites you but does no damage.
The water moccasin bites you.
You are more poisoned.
The water moccasin poisons you!
You hit the water moccasin.
The water moccasin is heavily wounded.
You feel very sick. The water moccasin bites you. x2
* * * LOW HITPOINT WARNING * * *
You barely miss the water moccasin.
The water moccasin is heavily wounded.
* * * LOW HITPOINT WARNING * * *
You feel very sick.
The water moccasin bites you but does no damage.
The water moccasin bites you.
You die...
Your body rises from the dead as a mindless zombie.

#.#..#.# #.# #.###
#.#
.......###'###....
#.# ..#.#..........#
#.# ..#.#####..#.###
#.# .##.# ##.##.##
#.# .##.# #..#...##
#.# .##.####.#..#..##
#.#
.##[.?.....###.S###.#
#.# .#######..##
##.@...# #.# .#
#.#.###.###### #.# ^#
#.##.#.##########.#
.#
#.##..............#
..
.......#############
.# ##.##.##
####...##### ## #.###
#..........#
#........<.###
#............#


You could see a water moccasin.

Vanquished Creatures
  2 adders
  3 ball pythons (D:1)
  6 bats
  3 endoplasms
  4 goblins (D:1)
  2 hobgoblins (D:1)
  4 jackals (D:1)
  A quokka (D:2)
  A frilled lizard (D:2)
  3 kobolds
  2 rats
31 creatures vanquished.

Vanquished Creatures (others)
  A ball python (D:1)
1 creature vanquished.

Grand Total: 32 creatures vanquished

Notes
Turn   | Place    | Note
-------+----------+-------------------------------------------
     0 | D:1      | sagitran the Gnoll Wanderer began the quest for the Orb.
     0 | D:1      | sagitran set off with the following items: a +0 club, a +0
                  | robe, 2 potions of haste; and the following spell
                  | memorised: Apportation; and the following spells available
                  | to memorise: Teleport Other
     0 | D:1      | Reached XP level 1. HP: 26/26 MP: 1/1
    72 | D:1      | Reached XP level 2. HP: 22/33 MP: 2/2
   335 | D:2      | Found a basalt altar of Yredelemnul.
   406 | D:1      | Reached XP level 3. HP: 37/38 MP: 3/3
   880 | D:2      | Reached skill level 1 in Invocations
   888 | D:2      | Found a faded altar of an unknown god.
  1027 | D:2      | Became a worshipper of Yredelemnul the Dark
  1388 | D:1      | You fall into a shaft and drop 1 floor!
  1447 | D:3      | Noticed a water moccasin
  1448 | D:3      | Noticed Natasha
  1621 | D:3      | Learned a level 1 spell: Pain
  1631 | D:3      | Reached skill level 1 in Short Blades
  1631 | D:3      | Reached skill level 1 in Long Blades
  1631 | D:3      | Reached skill level 1 in Axes
  1631 | D:3      | Reached skill level 1 in Polearms
  1631 | D:3      | Reached skill level 1 in Staves
  1631 | D:3      | Reached skill level 1 in Slings
  1631 | D:3      | Reached skill level 1 in Bows
  1631 | D:3      | Reached skill level 1 in Crossbows
  1631 | D:3      | Reached skill level 1 in Throwing
  1631 | D:3      | Reached skill level 1 in Dodging
  1631 | D:3      | Reached skill level 1 in Stealth
  1631 | D:3      | Reached skill level 1 in Spellcasting
  1631 | D:3      | Reached skill level 1 in Evocations
  1700 | D:3      | Found a broken altar of Ashenzari.
  1775 | D:3      | Slain by a water moccasin

Illustrated notes

Levels and vault maps discovered:
D:1:      minmay_arrival_loop, layout_basic, lemuel_another_geyser
D:2:      layout_loops_ring, chequers_ecumenical_altar_grove, basic_altar
D:3:      layout_loops_ring, lemuel_doored_altar, uniq_robin, uniq_natasha
D:4:      layout_loops_ring, gammafunk_temple_overflow_wave,
          nrook_mini_backslash, uniq_crazy_yiuf_cottage

Skill      XL: |  1  2  3 |
---------------+----------+-----
Invocations    | 1 |  1.0
Short Blades   | 1 |  1.0
Long Blades    | 1 |  1.0
Axes           | 1 |  1.0
Polearms       | 1 |  1.0
Staves         | 1 |  1.0
Slings         | 1 |  1.0
Bows           | 1 |  1.0
Crossbows      | 1 |  1.0
Throwing       | 1 |  1.0
Dodging        | 1 |  1.0
Stealth        | 1 |  1.0
Spellcasting   | 1 |  1.0
Evocations     | 1 |  1.0
Fighting       | |  8.5
Maces & Flails | |  2.6
Armour         | |  2.6
Shields        | |  4.6
Unarmed Combat | |  4.6
Conjurations   | |  0.7
Hexes          | |  0.7
Summonings     | |  0.7
Necromancy     | |  0.7
Translocations | |  0.7
Transmutations | |  0.7
Fire Magic     | |  0.7
Ice Magic      | |  0.7
Air Magic      | |  0.7
Earth Magic    | |  0.7
Poison Magic   | |  0.7

Action                   || total
-------------------------++-------
Melee: Club              ||    18
       Punch             ||     3
       Bite              ||     4
       Long sword        ||    68
 Cast: Apportation       ||     2
       Pain              ||     3
  Use: Scroll            ||     4
       Potion            ||     2
 Stab: Sleeping          ||     1
Armor: Robe              ||    49
Dodge: Dodged            ||    93
       Rpst.: Long sword ||    26

Table legend: (Time is in decaauts)
 A = Elapsed time spent in this place.
 B = Non-inter-level travel time spent in this place.
 C = Inter-level travel time spent in this place.
 D = Time resting spent in this place.
 E = Time spent auto-exploring this place.
 F = Levels seen in this place.
 G = Mean time per level.
                   A        B        C        D        E       F      G
               +--------+--------+--------+--------+--------+-----+--------+
         Total |   1786 |   1706 |     80 |     11 |    283 |   4 |  446.5 |
       Dungeon |   1786 |   1706 |     80 |     11 |    283 |   4 |  446.5 |
               +--------+--------+--------+--------+--------+-----+--------+

Top non-repeatable levels by time:
     D:1: 871 daAuts
     D:2: 623 daAuts
     D:3: 277 daAuts
     D:4: 13 daAuts
